 Dungeon Crawl Stone Soup version 0.18.1-5-g4a78601 (webtiles) character file.

2621 Gottschkopf the Fighter (level 9, -6/138 HPs)
             Began as a Minotaur Fighter on May 13, 2016.
             Mangled by Erolcha
             ... wielding a +2 giant club
              (11 damage)
             ... on level 8 of the Dungeon.
             The game lasted 00:17:19 (5829 turns).

Gottschkopf the Fighter (Minotaur Fighter)          Turns: 5829, Time: 00:17:20

Health: -6/138     AC: 24    Str: 24    XL:     9   Next: 34%
Magic:  8/8        EV:  2    Int:  5    God:
Gold:   207        SH: 13    Dex: 10    Spells: 0 memorised, 8 levels left

rFire  . . .     SeeInvis .     a - +0 long sword (slice)
rCold  . . .     Gourm    .     (armour currently unavailable)
rNeg   + + +     Faith    .     c - +1 shield
rPois  +         Spirit   .     (helmet currently unavailable)
rElec  .         Dismiss  .     (cloak currently unavailable)
rCorr  .         Reflect  .     (gloves currently unavailable)
SustAt .         Harm     .     (boots currently unavailable)
MR     .....     NoTele   +     (no amulet)
Stlth  +.........               (no ring)
                                (no ring)

@: exhausted, tree-form, very slightly contaminated, hasted and slowed, not
resistant to hostile enchantments, very unstealthy
A: (retaliatory headbutt), (horns 0)
a: no special abilities


You were on level 8 of the Dungeon.
You were very hungry.
You were a tree.
You visited 2 branches of the dungeon, and saw 9 of its levels.

You collected 447 gold pieces.
You spent 240 gold pieces at shops.

Inventory:

Hand Weapons
 a - a +0 long sword of slicing (weapon)
Armour
 c - a +1 shield (worn)
 e - a +0 pair of boots (melded)
 g - a +0 plate armour (melded)
Jewellery
 F - an uncursed ring of teleportation
Wands
 u - a wand of teleportation (4/9)
 x - a wand of slowing (8/48)
 A - a wand of hasting (4/9)
 E - a wand of disintegration (10/24)
Scrolls
 k - 2 scrolls of remove curse
 m - a scroll of magic mapping {unknown}
 n - a scroll of identify
 y - a scroll of fear
Potions
 d - 2 potions of might
 h - 5 potions of flight
 i - a potion of brilliance
 l - a potion of lignification
 B - a potion of berserk rage
Books
 b - a book of Cantrips

   Spells                             Type                      Level
   a - Corona                         Hexes                        1
   b - Animate Skeleton               Necromancy                   1
   c - Summon Small Mammal            Summoning                    1
   d - Apportation                    Translocation                1
 r - a book of Debilitation

   Spells                             Type                      Level
   a - Corona                         Hexes                        1
   b - Slow                           Hexes                        2
   c - Gell's Gravitas                Hexes/Translocation          3
   d - Inner Flame                    Hexes/Fire                   3
   e - Cause Fear                     Hexes                        4
   f - Leda's Liquefaction            Hexes/Earth                  4
 D - a book of Death

   Spells                             Type                      Level
   a - Corpse Rot                     Necromancy                   2
   b - Sublimation of Blood           Necromancy                   2
   c - Agony                          Necromancy                   5
   d - Dispel Undead                  Necromancy                   5
   e - Excruciating Wounds            Charms/Necromancy            5
   f - Bolt of Draining               Conjuration/Necromancy       5
Comestibles
 f - 6 bread rations
 j - 3 chunks of flesh
 o - 2 beef jerkies
 q - 3 fruits
 t - a meat ration


   Skills:
 - Level 12.7 Fighting
 - Level 2.4 Long Blades
 - Level 3.6 Armour
 + Level 9.3 Shields


You had 8 spell levels left.
You didn't know any spells.

Dungeon Overview and Level Annotations

Branches:
Dungeon (8/15)             Temple (1/1) D:5
   Lair: D:8-11

Altars:
Ashenzari
Cheibriados
Elyvilon
Gozag
Kikubaaqudgha
Nemelex Xobeh
Qazlal
Yredelemnul

Shops:
D:4 [   D:6 ?

Annotations:
D:7 subsebi's ghost, novice DsCK
D:8 Erolcha


Innate Abilities, Weirdness & Mutations

((You reflexively headbutt those who attack you in melee.))
((You have a pair of horns on your head.))


Message History

You start resting.
You are feeling hungry.
You start resting.
You feel your anger subside.
You start resting.
You are no longer berserk.
You are exhausted.
You feel yourself slow down.
You are feeling very hungry.
Drink which item? (? for menu, Esc to quit)
It was a potion of cure mutation.
It has a very clean taste.
Your magic regains its normal vibrancy.
You feel clever.
You feel less resistant to hostile enchantments.
Your slimy green scales disappear.
Something hits you!
* * * LOW HITPOINT WARNING * * *
Your shield prevents you from hitting something.
Something hits you but does no damage.
You hit something but do no damage. Something hits you!
You die...

###+#### #......#
#......# ..
#......# ...
#......#####...
#..............
#####..............
.......♣#.#≈..#####
#########.#≈..#
#.#...#
##########.#...#
#.......##.#.###
#.....[.##'#.#
#............#
#######......#
.............####


There were no monsters in sight!

Vanquished Creatures
  Grinder (D:4)
  Sigmund (D:5)
  Eustachio (D:4)
  A hippogriff (D:7)
  2 sky beasts
  2 ice beasts
  2 black bears (D:6)
  3 phantoms
  2 ogres
  A big kobold (D:7)
  2 giant frogs (D:6)
  2 howler monkeys
  3 crimson imps
  3 hounds
  A giant frog zombie (D:5)
  2 jellies
  An orc wizard (D:4)
  2 centaur skeletons
  3 iguanas
  5 worker ants
  A killer bee zombie (D:5)
  6 adders
  A shadow imp (D:6)
  An ooze (D:7)
  An adder skeleton (D:7)
  A worm (D:2)
  A dart slug (D:2)
  2 giant geckos
  7 orcs
  A ball python (D:6)
  2 giant cockroaches
  8 goblins
  7 hobgoblins
  3 quokkas
  6 bats
  2 giant gecko zombies
  5 giant newts
  12 kobolds
  A quokka skeleton (D:5)
  6 rats
114 creatures vanquished.

Notes
Turn   | Place    | Note
--------------------------------------------------------------
     0 | D:1      | Gottschkopf the Minotaur Fighter began the quest for the Orb.
     0 | D:1      | Reached XP level 1. HP: 19/19 MP: 0/0
    37 | D:1      | Reached skill level 4 in Fighting
   205 | D:1      | Found a shattered altar of Ashenzari.
   212 | D:1      | Reached XP level 2. HP: 27/27 MP: 1/1
  1005 | D:2      | Reached skill level 5 in Fighting
  1042 | D:2      | Reached XP level 3. HP: 27/36 MP: 2/2
  1667 | D:3      | Found a stormy altar of Qazlal.
  1734 | D:3      | Reached skill level 6 in Fighting
  1734 | D:3      | Reached XP level 4. HP: 42/44 MP: 3/3
  1818 | D:3      | Found a snail-covered altar of Cheibriados.
  1996 | D:4      | Noticed Grinder
  2010 | D:4      | Paralysed by Grinder for 2 turns
  2026 | D:4      | Killed Grinder
  2026 | D:4      | Reached skill level 8 in Fighting
  2026 | D:4      | Reached XP level 5. HP: 25/55 MP: 4/4
  2026 | D:4      | Reached XP level 6. HP: 28/62 MP: 5/5
  2510 | D:4      | Reached skill level 9 in Fighting
  2520 | D:4      | Found Huuqah's Antique Armour Boutique.
  2837 | D:4      | Noticed Eustachio
  2893 | D:4      | Killed Eustachio
  2893 | D:4      | Reached skill level 10 in Fighting
  2893 | D:4      | Reached XP level 7. HP: 45/72 MP: 6/6
  3143 | D:5      | Entered Level 5 of the Dungeon
  3209 | D:5      | Found an opulent altar of Gozag.
  3210 | D:5      | Found a sparkling altar of Nemelex Xobeh.
  3408 | D:5      | Reached skill level 11 in Fighting
  3557 | D:5      | Noticed Sigmund
  3688 | D:5      | Killed Sigmund
  3688 | D:5      | Reached XP level 8. HP: 72/83 MP: 7/7
  3705 | D:5      | Found a staircase to the Ecumenical Temple.
  3717 | Temple   | Entered the Ecumenical Temple
  3798 | D:5      | Reached skill level 12 in Fighting
  4390 | D:6      | Found Yroirr's Magic Scroll Shoppe.
  4393 | D:6      | Bought a scroll of brand weapon for 240 gold pieces
  4436 | D:6      | Reached skill level 5 in Shields
  5196 | D:7      | Reached XP level 9. HP: 64/92 MP: 8/8
  5203 | D:7      | Gained mutation: You are dopey. (Int -2) [mutagenic meat]
  5204 | D:7      | Gained mutation: You are resistant to hostile enchantments. [mutagenic meat]
  5205 | D:7      | Gained mutation: You are partially covered in slimy green scales (AC +2). [mutagenic meat]
  5206 | D:7      | Gained mutation: Your spells are a little easier to cast, but a little less powerful. [mutagenic meat]
  5311 | D:7      | Noticed subsebi's ghost (novice DsCK)
  5786 | D:8      | Noticed Erolcha
  5803 | D:8      | Paralysed by Erolcha for 7 turns
  5827 | D:8      | Lost mutation: Your spells are a little easier to cast, but a little less powerful. [potion of cure mutation]
  5827 | D:8      | Lost mutation: You are dopey. (Int -2) [potion of cure mutation]
  5827 | D:8      | Lost mutation: You are resistant to hostile enchantments. [potion of cure mutation]
  5827 | D:8      | Lost mutation: You are partially covered in slimy green scales (AC +2). [potion of cure mutation]
  5827 | D:8      | HP: 4/138 [something (10)]
  5829 | D:8      | Mangled by Erolcha

Skill      XL: |  1  2  3  4  5  6  7  8  9 |
---------------+----------------------------+-----
Fighting       | 4 5 6 8 10 11 12 | 12.7
Shields        | 7 9 |  9.3
Long Blades    | |  2.4
Armour         | |  3.6

Action                   |  1- 3 |  4- 6 |  7- 9 || total
-------------------------+-------+-------+-------++-------
Melee: Long sword        |   115 |    91 |   241 ||   447
       Headbutt          |    18 |    16 |    47 ||    81
       Flail             |       |       |    14 ||    14
  Use: Scroll            |       |       |    14 ||    14
       Potion            |       |       |     4 ||     4
  Eat: Chunk             |     3 |     3 |    14 ||    20
Armor: Scale mail        |    33 |    13 |       ||    46
       Plate armour      |       |    59 |   152 ||   211
       Skin              |       |       |     1 ||     1
Dodge: Dodged            |    32 |    33 |    66 ||   131
Block: Shield            |    61 |    67 |   174 ||   302
